 Dungeon Crawl Stone Soup version 0.31-a0-233-g139696dc86 (webtiles) character file.

Game seed: 266462834830014357

72 protoss039 the Digger (level 4, 33/33 HPs)
             Began as a Demonspawn Earth Elementalist on July 9, 2023.
             Got out of the dungeon alive.
             The game lasted 00:01:45 (1740 turns).

protoss039 the Digger (DsEE)                        Turns: 1740, Time: 00:01:45

Health: 33/33      AC:  4    Str:  8    XL:     4   Next: 6%
Magic:  8/8        EV: 11    Int: 18    God:
Gold:   71         SH:  0    Dex: 14    Spells: 2/8 levels left

rFire   . . .        f - +0 short sword
rCold   + . .        (no shield)
rNeg    . . .        m - +1 leather armour {rC+}
rPois   .            (helmet restricted)
rElec   .            (no cloak)
rCorr   .            (no gloves)
SInv    .            (no boots)
Will    .....        g - amulet of guardian spirit
Stlth   ++           (no ring)
HPRegen 0.25/turn    (no ring)
MPRegen 0.11/turn

%: guardian spirit
@: no status effects
A: horns 1, powered by death 1
a: no special abilities


You escaped.
You visited 1 branch of the dungeon, and saw 2 of its levels.

You collected 71 gold pieces.

Inventory:

Hand Weapons
 f - a +0 short sword (weapon)
Armour
 m - a +1 leather armour of cold resistance (worn)
Jewellery
 g - an amulet of guardian spirit (around neck)
Scrolls
 a - a scroll of fog {unknown}
 d - a scroll of noise {unknown}
 i - a scroll of teleportation {unknown}
 j - a scroll of immolation {unknown}
 l - 2 scrolls of revelation {unknown}
Potions
 b - a potion of magic
 c - 2 potions of brilliance {unknown}
 e - 2 potions of mutation {unknown}
 h - a potion of attraction {unknown}
 k - a potion of curing {unknown}
 n - a potion of berserk rage {unknown}


   Skills:
 + Level 1.8 Fighting
 * Level 0.3 Armour
 - Level 1.7 Dodging
 - Level 1.7 Stealth
 + Level 2.7 Spellcasting
 + Level 0.8 Conjurations
 - Level 0.8 Transmutations
 + Level 3.3 Earth Magic


You had 2 spell levels left.
You knew the following spells:

 Your Spells              Type           Power      Damage    Failure   Level
a - Sandblast             Erth           28%        2d8       6%          1
b - Passwall              Tmut/Erth      7%         N/A       16%         2
c - Stone Arrow           Conj/Erth      18%        3d8       30%         3

Your spell library contained the following spells:

 Spells                   Type           Power      Damage    Failure   Level
 Ensorcelled Hibernation  Hex/Ice        4%         N/A       34%         2
 Swiftness                Air            2%         N/A       56%         3
 Petrify                  Tmut/Erth      9%         N/A       69%         4


Dungeon Overview and Level Annotations

Branches:
Dungeon (2/15) Zot: 10230

Altars:


Innate Abilities, Weirdness & Mutations

You have a pair of small horns on your head.
You regenerate a little health from kills.


Message History

You are frozen.
You resist. The endoplasm freezes you.
You are frozen.
You resist.
Casting: Sandblast (safe; 6% risk of failure)
Confirm with . or Enter, or press ? or * to list all spells.
Aiming: Sandblast (safe; 6% risk of failure)
Press: ? - help, Shift-Dir - straight line, f/p - endoplasm
Aim: an endoplasm (heavily wounded, 98% to hit)
The blast of sand hits the endoplasm!
You kill the endoplasm!
Unknown command.
A hobgoblin and a rat come into view.
There are monsters nearby!
There are monsters nearby!
Casting: Sandblast (safe; 6% risk of failure)
Confirm with . or Enter, or press ? or * to list all spells.
Aiming: Sandblast (safe; 6% risk of failure)
Press: ? - help, Shift-Dir - straight line, f - hobgoblin
Aim: a hobgoblin (asleep, 100% to hit)
The blast of sand hits the hobgoblin!
You kill the hobgoblin!
Unknown command.
A rat is nearby!
Casting: Sandblast (safe; 6% risk of failure)
Confirm with . or Enter, or press ? or * to list all spells.
Aiming: Sandblast (safe; 6% risk of failure)
Press: ? - help, Shift-Dir - straight line, f - rat
Aim: a rat (82% to hit)
The blast of sand hits the rat!
You kill the rat!
Unknown command.
You see here a +0 club.
There is a stone staircase leading up here.
You climb upwards.
There is a stone staircase leading down here.
You see here a bat skeleton.
You see here a +0 robe.
There is a staircase leading out of the dungeon here.
Are you sure you want to leave the Dungeon?
This will make you lose the game!
You have escaped!

....# ##.#######..#######.##.#
###.# #.#≈≈≈≈≈≈.≈≈≈.........#
###.# #.≈≈≈≈≈≈.≈≈≈≈≈####.####
..#.######≈≈≈≈≈≈≈.≈≈≈≈≈≈###.#
#........≈≈≈8≈≈≈≈≈.≈≈8≈≈≈##.#
....###.#≈≈≈≈≈≈≈≈≈≈.≈≈≈≈≈##.#
#.### #..≈≈≈≈~~~≈≈≈.≈≈≈≈≈##.# ..#
###~≈≈~≈≈≈~≈≈.≈≈≈≈≈##.# ###
#≈~~≈≈≈≈@..≈≈≈≈≈≈##.# #
#≈≈≈≈≈≈..>≈≈≈≈~~≈##.##### #
#≈≈≈≈≈.≈≈~≈≈≈~≈≈~##...... #
#≈≈≈≈≈.≈≈≈~~~≈≈≈≈...####. #
#≈≈≈≈≈.≈≈≈≈≈≈≈≈≈≈#######. #
#≈≈≈8≈≈.≈≈≈≈≈8≈≈≈........
##########≈≈≈≈≈≈.≈≈≈≈≈≈≈.########
.......####≈≈≈≈≈.≈≈≈≈≈≈..#
######......≈≈≈.≈≈≈≈≈≈...#


There were no monsters in sight!

Vanquished Creatures
  2 adders (D:2)
  A worm (D:2)
  2 dart slugs (D:1)
  5 endoplasms
  A giant cockroach (D:1)
  4 goblins
  7 hobgoblins
  A jackal (D:2)
  4 kobolds
  A quokka (D:2)
  3 ball pythons
  6 bats
  7 rats
44 creatures vanquished.

Notes
Turn   | Place    | Note
-------+----------+-------------------------------------------
     0 | D:1      | protoss039 the Demonspawn Earth Elementalist began the
                  | quest for the Orb.
     0 | D:1      | Reached XP level 1. HP: 13/13 MP: 3/3
   138 | D:1      | Gained mutation: You regenerate a little health from kills.
                  | [demonic ancestry]
   138 | D:1      | Reached XP level 2. HP: 13/20 MP: 0/5
   246 | D:1      | Reached skill level 1 in Fighting
   274 | D:1      | Reached skill level 3 in Earth Magic
   792 | D:1      | Reached XP level 3. HP: 26/26 MP: 4/6
   879 | D:1      | Learned a level 2 spell: Passwall
   885 | D:2      | Learned a level 3 spell: Stone Arrow
  1535 | D:2      | Discovered your monstrous ancestry.
  1535 | D:2      | Gained mutation: You have a pair of small horns on your
                  | head. [demonic ancestry]
  1535 | D:2      | Reached XP level 4. HP: 33/33 MP: 5/8
  1740 | D:$      | Got out of the dungeon alive.

Illustrated notes

Levels and vault maps discovered:
D:1:      nzn_arrival_water_spiral, layout_loops_ring
D:2:      kb_forest_paths, layout_basic, kennysheep_generic_room_5

Skill      XL: |  1  2 |
---------------+-------+-----
Fighting       | 1 |  1.8
Earth Magic    | 3 |  3.3
Armour         | |  0.3
Dodging        | |  1.7
Stealth        | |  1.7
Spellcasting   | |  2.7
Conjurations   | |  0.8
Transmutations | |  0.8

Action                     |  1- 3 |  4- 6 || total
---------------------------+-------+-------++-------
  Melee: Club              |    12 |       ||    12
         Short sword       |    13 |       ||    13
   Cast: Sandblast         |    49 |     4 ||    53
   Stab: Sleeping          |     1 |       ||     1
 Armour: Robe              |    17 |       ||    17
         Leather armour    |     1 |       ||     1
  Dodge: Dodged            |    46 |       ||    46

Table legend: (Time is in decaauts)
 A = Elapsed time spent in this place.
 B = Non-inter-level travel time spent in this place.
 C = Inter-level travel time spent in this place.
 D = Time resting spent in this place.
 E = Time spent auto-exploring this place.
 F = Levels seen in this place.
 G = Mean time per level.
                   A        B        C        D        E       F      G
               +--------+--------+--------+--------+--------+-----+--------+
         Total |   1769 |   1635 |    134 |      0 |   1381 |   2 |  884.5 |
       Dungeon |   1769 |   1635 |    134 |      0 |   1381 |   2 |  884.5 |
               +--------+--------+--------+--------+--------+-----+--------+

Top non-repeatable levels by time:
     D:1: 944 daAuts
     D:2: 825 daAuts
